 Dungeon Crawl Stone Soup version 0.29.1-13-g9f3cf754e1 (webtiles) character file.

Game seed: 9359630070694607401

24 Peloso the Trooper (level 2, 0/27 HPs)
             Began as a Minotaur Fighter on Jan 25, 2023.
             Succumbed to a hobgoblin's poison
             ... on level 1 of the Dungeon.
             The game lasted 00:01:35 (561 turns).

Peloso the Trooper (Minotaur Fighter)                Turns: 561, Time: 00:01:35

Health: 0/27       AC:  7    Str: 19 (20) XL:     2   Next: 79%
Magic:  1/1        EV:  9    Int:  3 (5)  God:
Gold:   53         SH:  4    Dex:  7 (9)  Spells: 1/1 levels left

rFire   + . .      SeeInvis .   a - +0 long sword
rCold   + . .      Faith    .   d - +0 buckler
rNeg    . . .      Spirit   .   b - +0 scale mail
rPois   +          Reflect  .   (helmet restricted)
rElec   +          Harm     .   (no cloak)
rCorr   +          Rampage  .   (no gloves)
Will    .....                   (no boots)
Stlth   ..........              (no amulet)
HPRegen 0.09/turn               (no ring)
MPRegen 0.07/turn               (no ring)

@: lethally poisoned (0 -> -1), resistant, attractive, flying
A: horns 2, retaliatory headbutt
a: no special abilities


You were on level 1 of the Dungeon.
You visited 1 branch of the dungeon, and saw 1 of its levels.

You collected 53 gold pieces.

Inventory:

Hand Weapons
 a - a +0 long sword (weapon)
 c - a +3 dagger
Armour
 b - a +0 scale mail (worn)
 d - a +0 buckler (worn)
Jewellery
 j - an amulet of guardian spirit
Potions
 g - a potion of might


   Skills:
 + Level 4.0 Fighting
 + Level 2.9 Long Blades
 + Level 4.0 Armour
 + Level 3.9 Shields


You had one spell level left.
You didn't know any spells.
Your spell library contained the following spells:

 Spells                   Type           Power      Damage    Failure   Level
 Apportation              Tloc           0%         N/A       93%         1
 Alistair's Intoxication  Tmut/Pois      0%         N/A       100%        5


Dungeon Overview and Level Annotations

Branches:
Dungeon (1/15)

Altars:

Shops:
D:1 [

Annotations:
D:1 2 transporters


Innate Abilities, Weirdness & Mutations

You have a pair of horns on your head.
You reflexively headbutt those who attack you in melee.


Message History

The hobgoblin hits you with a +2 dagger of venom.
You are more poisoned.
You slash the hobgoblin!
You kill the hobgoblin!
You feel very sick. The endoplasm freezes you.
You are frozen.
You hit the endoplasm.
You kill the endoplasm!
* * * LOW HITPOINT WARNING * * *
You feel very sick.
You hit the endoplasm.
The endoplasm is moderately wounded.
* * * LOW HITPOINT WARNING * * *
You feel sick.
The endoplasm hits you but does no damage.
You hit the endoplasm.
You kill the endoplasm!
* * * LOW HITPOINT WARNING * * *
You feel sick.
* * * LOW HITPOINT WARNING * * *
You feel sick.
Items here: $ ))) ? †††.
It was a potion of attraction.
You feel attractive to monsters.
* * * LOW HITPOINT WARNING * * *
You feel sick.
It was a potion of flight.
You feel very buoyant.
You fly up into the air.
* * * LOW HITPOINT WARNING * * *
You feel sick.
It was a potion of degeneration.
There was something very wrong with that liquid.
You feel weakened.
You feel dopey.
You feel clumsy.
* * * LOW HITPOINT WARNING * * *
You feel sick.
It was a potion of resistance.
You feel protected.
You die...

#♣♣♣♣ ..........
.PP♣♣♣....[..#
♣P~~.♣♣......#
~~~~.P......#
P~~..♣....J.#
♣♣....♣...?..#
♣♣..P♣♣......#
..♣PP♣♣......########
#....♣.......'..@...#
#.♣♣♣........######.# #.#
#####+#### #.# ..# #. #.#
### #.# #.# #
#.#########.# #
######...........# #
#............##..# #
#.............#..########


There were no monsters in sight!

Vanquished Creatures
  2 ball pythons (D:1)
  A bat (D:1)
  3 endoplasms (D:1)
  A giant cockroach (D:1)
  5 goblins (D:1)
  4 hobgoblins (D:1)
  A jackal (D:1)
  2 frilled lizards (D:1)
  A kobold (D:1)
20 creatures vanquished.

Notes
Turn   | Place    | Note
-------+----------+-------------------------------------------
     0 | D:1      | Peloso the Minotaur Fighter began the quest for the Orb.
     0 | D:1      | Reached XP level 1. HP: 19/19 MP: 0/0
    48 | D:1      | Found Roich's Armour Emporium.
   219 | D:1      | Reached XP level 2. HP: 27/27 MP: 1/1
   560 | D:1      | HP: 1/27 [poisoned by a hobgoblin]
   561 | D:1      | Succumbed to a hobgoblin's poison

Illustrated notes

Levels and vault maps discovered:
D:1:      spicycebolla_arrival_transporter_tutorial, layout_basic,
          serial_forest, infiniplex_forest_end_1, infiniplex_forest_clump_small,
          infiniplex_forest_clump_tiny, infiniplex_forest_pool,
          infiniplex_forest_split, serial_shops, shop, minmay_split_cup_large

Skill      XL: |  1  2 |
---------------+-------+-----
Fighting       | 4 |  4.0
Armour         | 4 |  4.0
Long Blades    | |  2.9
Shields        | |  3.9

Action                   || total
-------------------------++-------
Melee: Long sword        ||    37
       Headbutt          ||     1
  Use: Potion            ||     4
Armor: Scale mail        ||    21
Dodge: Dodged            ||    17
Block: Buckler           ||     9
